 Dungeon Crawl Stone Soup version 0.20-a0-876-g2c7b0bf (webtiles) character file.

343 nubinia the Sneak (level 6, -6/57 HPs)
             Began as a Kobold Conjurer on Mar 15, 2017.
             Mangled by a mummy (12 damage)
             ... in an ossuary.
             The game lasted 00:16:50 (4441 turns).

nubinia the Sneak (Kobold Conjurer)                 Turns: 4441, Time: 00:16:51

Health: -6/57      AC:  3    Str: 10    XL:     6   Next: 88%
Magic:  10/10      EV: 16    Int: 18    God:
Gold:   118        SH:  0    Dex: 16    Spells: 7/11 levels left

rFire    + . .     SeeInvis .   u - +3 dagger (venom)
rCold    . . .     Gourm    .   a - +1 robe
rNeg     . . .     Faith    .   (shield restricted)
rPois    .         Spirit   .   (helmet restricted)
rElec    .         Reflect  .   (no cloak)
rCorr    .         Harm     .   (no gloves)
MR       .....     Rnd*Rage +   (no boots)
Stlth    ..........             (no amulet)
Regen    0.2/turn               (no ring)
MPRegen  0.2/turn               n - ring of protection from fire

@: berserking (expiring), very quick
A: antennae 1, berserk 1, carnivore 3, robust 1
a: no special abilities


You were in an ossuary.
You were very full.

You visited 1 branch of the dungeon, and saw 5 of its levels.
You also visited: Ossuary.

You collected 202 gold pieces.
You spent 84 gold pieces at shops.

Inventory:

Hand Weapons
 e - a +0 short sword
 o - a +2 dagger of speed
 u - a +3 dagger of venom (weapon)
Armour
 a - a +1 robe (worn)
Jewellery
 n - a ring of protection from fire (left hand)
Wands
 r - a wand of lightning (10/15)
Scrolls
 g - 2 scrolls of identify
 h - a scroll of immolation
 i - 2 scrolls of amnesia
 k - a scroll of enchant armour
 l - 2 scrolls of remove curse
 q - a scroll of fear
Potions
 d - a potion of flight
 f - a potion of cancellation
 p - a potion of heal wounds
 s - a potion of resistance
 t - a potion of mutation
 w - a potion of lignification
Books
 b - a book of Conjurations

   Spells                             Type                      Level
   a - Magic Dart                     Conjuration                  1
   b - Searing Ray                    Conjuration                  2
   c - Dazzling Spray                 Conjuration/Hexes            3
   d - Fulminant Prism                Conjuration/Hexes            4
   e - Force Lance                    Conjuration/Translocation    4
   f - Iskenderun's Mystic Blast      Conjuration                  4
Comestibles
 c - 2 meat rations
 j - 5 royal jellies


   Skills:
 + Level 1.9 Fighting
 + Level 3.7 Short Blades
 + Level 3.7 Dodging
 + Level 5.3 Stealth
 + Level 3.0 Spellcasting
 + Level 4.7 Conjurations
 + Level 0.4 Hexes


You had 7 spell levels left.
You knew the following spells:

 Your Spells              Type           Power        Failure   Level  Hunger
a - Magic Dart            Conj           ###.         2%          1    None
b - Dazzling Spray        Conj/Hex       ##....       21%         3    ###....


Dungeon Overview and Level Annotations

Branches:
Dungeon (5/15)
 Temple: D:4-7

Altars:
Elyvilon
Trog

Shops:
D:4 ?

Annotations:
D:3 Eustachio


Innate Abilities, Weirdness & Mutations

You are small and have problems with some larger weapons.
You are carnivorous and can eat meat at any time.
You have a pair of small antennae on your head.
You tend to lose your temper in combat.
You are robust. (+10% HP)


Message History

You closely miss the human zombie. You puncture the human zombie!
The human zombie is lightly damaged.
The elf zombie hits you. The human zombie misses you.
You barely miss the human zombie.
The human zombie is lightly damaged.
You puncture the human zombie!
The human zombie is moderately damaged.
The elf zombie misses you. The human zombie hits you. The mummy hits you!
* * * LOW HITPOINT WARNING * * *
You hit the human zombie.
The human zombie is heavily damaged.
You puncture the human zombie!
The human zombie is severely damaged.
The elf zombie closely misses you.
The human zombie hits you but does no damage.
You barely miss the human zombie.
The human zombie is severely damaged.
The mummy hits you!
You die...

#.....##...............
#......................
#..#...................
#.Z##..................
#∩.##..........∩.Z..Z..
#..##..........Z.......
#..#...................
#......M............M..
#.....@Z...............
#....Z##...............
#.....##...............
#......................
#......................
#+##.........#####.....
#??#...................
#??#...........∩.......
#######################


You could see a mummy, an elf zombie and a human zombie.

Vanquished Creatures
  A phantom (D:4)
  4 worker ants
  3 mummies (Ossuary)
  4 adders
  2 oozes
  An adder zombie (Ossuary)
  A worm (D:2)
  4 dart slugs
  A leopard gecko (D:3)
  3 orcs
  A ball python (D:4)
  4 bats
  4 giant cockroaches
  3 gnoll zombies (Ossuary)
  7 goblins
  6 hobgoblins
  3 quokkas
  2 frilled lizards
  A goblin zombie (Ossuary)
  3 jackal zombies (Ossuary)
  7 kobolds
  A kobold zombie (Ossuary)
  5 rats
  A rat zombie (Ossuary)
72 creatures vanquished.

Notes
Turn   | Place    | Note
-------+----------+-------------------------------------------
     0 | D:1      | nubinia the Kobold Conjurer began the quest for the Orb.
     0 | D:1      | Reached XP level 1. HP: 10/10 MP: 3/3
   553 | D:1      | Reached XP level 2. HP: 11/15 MP: 5/5
   648 | D:1      | Found a bloodstained altar of Trog.
   790 | D:2      | Reached skill level 3 in Stealth
   825 | D:2      | Reached XP level 3. HP: 19/19 MP: 6/6
   897 | D:2      | Reached skill level 1 in Short Blades
  1039 | D:2      | Learned a level 3 spell: Dazzling Spray
  1140 | D:2      | Gained mutation: You are frail. (-10% HP) [potion of mutation]
  1140 | D:2      | Gained mutation: You have sharp fingernails. [potion of mutation]
  1141 | D:2      | Lost mutation: You have sharp fingernails. [potion of mutation]
  1141 | D:2      | Lost mutation: You are frail. (-10% HP) [potion of mutation]
  1141 | D:2      | Gained mutation: You are robust. (+10% HP) [potion of mutation]
  1141 | D:2      | Gained mutation: You tend to lose your temper in combat. [potion of mutation]
  1141 | D:2      | Gained mutation: You have a pair of small antennae on your head. [potion of mutation]
  1620 | D:3      | Reached XP level 4. HP: 24/26 MP: 5/7
  2403 | D:3      | Reached skill level 4 in Stealth
  2453 | D:4      | Reached skill level 1 in Fighting
  2453 | D:4      | Reached XP level 5. HP: 25/31 MP: 3/8
  2608 | D:4      | Noticed a phantom
  2625 | D:4      | Killed a phantom
  2625 | D:4      | Reached skill level 5 in Stealth
  2625 | D:4      | Reached XP level 6. HP: 37/37 MP: 4/10
  3095 | D:4      | Noticed Eustachio
  3443 | D:4      | Found a white marble altar of Elyvilon.
  3533 | D:4      | Found Lilesoil's Magic Scroll Emporium.
  3539 | D:4      | Bought a scroll of remove curse for 39 gold pieces
  3539 | D:4      | Bought a scroll of magic mapping for 45 gold pieces
  4217 | D:5      | Entered Level 5 of the Dungeon
  4263 | D:5      | Found a sand-covered staircase.
  4270 | Ossuary  | Entered an ossuary
  4441 | Ossuary  | Mangled by a mummy

Vault maps used:
D:1:      minmay_arrival_three_doors, minmay_splitting_lines,
          kennysheep_flooded_box
D:4:      serial_shops, shop, elyvilon_altar_3, uniq_eustachio
D:5:      nemelex_xobeh_ov_fountains_minmay, chequers_ossuary_entry_cave,
          first_bread, tgw_xom
Ossuary:  ossuary_minmay_tomb_2a

Skill      XL: |  1  2  3  4  5  6 |
---------------+-------------------+-----
Stealth        | 3 4 5 |  5.3
Short Blades   | 1 2 3 |  3.7
Fighting       | 1 |  1.9
Dodging        | 3 |  3.7
Spellcasting   | 3 |  3.0
Conjurations   | |  4.7
Hexes          | |  0.4

Action                   |  1- 3 |  4- 6 || total
-------------------------+-------+-------++-------
Melee: Short sword       |    84 |   119 ||   203
       Dagger            |       |    60 ||    60
 Cast: Magic Dart        |    19 |    51 ||    70
       Dazzling Spray    |       |     2 ||     2
  Use: Potion            |     4 |     5 ||     9
       Scroll            |     1 |     9 ||    10
 Stab: Sleeping          |     8 |    16 ||    24
  Eat: Chunk             |    11 |     8 ||    19
Armor: Robe              |     9 |    25 ||    34
Dodge: Dodged            |    65 |   181 ||   246
